SAAA
PORT HURON BLITZKRIEG @ HARTFORD PRIDE
07/21/2042
 
TOP OF THE 1ST
Port Huron Blitzkrieg batting - Pitching for Hartford Pride : LHP Fred Proctor
Pitching: LHP Fred Proctor
Batting: RHB Ricardo Mireles 0-0: Ball
1-0: Ball
2-0: Called Strike
2-1: Ball
3-1: Foul Ball, location: 2F
3-2: Strikes out looking
Batting: RHB John Willoughby 0-0: Ball
1-0: Foul Ball, location: 2F
1-1: DOUBLE (Flyball, 8LXD, EV 88.1 MPH)
Batting: RHB John Wilkerson 0-0: Ball
1-0: Called Strike
1-1: SINGLE (Line Drive, 78M, EV 106.2 MPH)
John Willoughby to third
Batting: RHB Jeff Reed 0-0: Foul Ball, location: 2F
0-1: Ball
1-1: Ball
2-1: Foul Ball, location: 2F
2-2: Ball
3-2: Fly out, F7 (Flyball, 7LDF, EV 110.0 MPH)
Runner from 3rd tags up, SCORES, no throw by LF
Batting: SHB Ben Boston 0-0: Called Strike
0-1: Swinging Strike
0-2: Ball
1-2: Ball
2-2: Ball
John Wilkerson steals 2nd base
3-2: Foul Ball, location: 2F
3-2: Base on Balls
Batting: RHB D'Artagnan Rasberry 0-0: Fly out, F8 (Flyball, 8RM, EV 87.5 MPH)
Top of the 1st over - 1 run, 2 hits, 0 errors, 2 left on base; Port Huron 1 - Hartford 0
BOTTOM OF THE 1ST
Hartford Pride batting - Pitching for Port Huron Blitzkrieg : RHP Matt Elmore
Pitching: RHP Matt Elmore
Batting: SHB Alvin Peterson 0-0: Fly out, F8 (Flyball, 78M, EV 76.2 MPH)
Batting: RHB Katsuhiko Ishihara 0-0: Called Strike
0-1: Called Strike
0-2: Strikes out swinging
Batting: LHB Tomás Muinos 0-0: Foul Ball, location: 2F
0-1: Called Strike
0-2: Fly out, F9 (Flyball, 89S, EV 78.8 MPH)
Bottom of the 1st over - 0 runs, 0 hits, 0 errors, 0 left on base; Port Huron 1 - Hartford 0
TOP OF THE 2ND
Port Huron Blitzkrieg batting - Pitching for Hartford Pride : LHP Fred Proctor
Batting: LHB Mario Ramos 0-0: Fly out, F9 (Flyball, 9, EV 82.5 MPH)
Batting: LHB Dave Watts 0-0: Called Strike
0-1: Ball
1-1: Called Strike
1-2: Ball
2-2: Strikes out swinging
Batting: RHB Jesús Amengual 0-0: Fly out, F8 (Flyball, 8LS, EV 87.5 MPH)
Top of the 2nd over - 0 runs, 0 hits, 0 errors, 0 left on base; Port Huron 1 - Hartford 0
BOTTOM OF THE 2ND
Hartford Pride batting - Pitching for Port Huron Blitzkrieg : RHP Matt Elmore
Batting: RHB Emílio Agramónte 0-0: Ball
1-0: Ball
2-0: Ball
3-0: Called Strike
3-1: Foul Ball, location: 2F
3-2: SINGLE (Groundball, 34D, EV 108.8 MPH)
Batting: RHB Hani Azwan 0-0: Foul Ball, location: 2F
0-1: Foul Ball, location: 2F
0-2: Foul Ball, location: 2F
0-2: Ball
1-2: Ball
2-2: SINGLE (Flyball, 78S, EV 94.4 MPH)
Emílio Agramónte to second
Batting: RHB Nathan Pruitt 0-0: Foul Ball, location: 2F
0-1: Ball
1-1: Called Strike
1-2: Fly out, F7 (Flyball, 7D, EV 105.0 MPH)
Runner from 2nd tags up, SAFE at 3rd, no throw by LF
Batting: RHB Lester Kwiatkowski 0-0: Ball
1-0: Ball
2-0: Ball
3-0: Base on Balls
Hani Azwan to second
Batting: LHB Jorge Ortíz 0-0: Swinging Strike
0-1: Ball
1-1: Fielders Choice at 2nd, 5-4 (Groundball, 5, EV 100.0 MPH)
Emílio Agramónte scores
Hani Azwan to third
Batting: RHB Joshua Cadaval 0-0: Ball
1-0: Called Strike
1-1: Ball
2-1: Foul Ball, location: 2F
2-2: Foul Ball, location: 2F
2-2: Fielders Choice at 2nd, 6-4 (Groundball, 6, EV 88.1 MPH)
Bottom of the 2nd over - 1 run, 2 hits, 0 errors, 2 left on base; Port Huron 1 - Hartford 1
TOP OF THE 3RD
Port Huron Blitzkrieg batting - Pitching for Hartford Pride : LHP Fred Proctor
Batting: RHB Ricardo Mireles 0-0: Foul Ball, location: 2F
0-1: Ball
1-1: Ball
2-1: Ball
3-1: Base on Balls
Batting: RHB John Willoughby 0-0: Ball
1-0: Reached on error, E1 (Groundball, 15, EV 63.1 MPH)
Ricardo Mireles to second
Batting: RHB John Wilkerson 0-0: Ball
1-0: Foul Ball, location: 2F
1-1: Ball
2-1: Ball
3-1: Called Strike
3-2: Base on Balls
Ricardo Mireles to third
John Willoughby to second
Batting: RHB Jeff Reed 0-0: Called Strike
0-1: Fly out, F9 (Flyball, 9LM, EV 91.2 MPH)
Batting: SHB Ben Boston 0-0: Foul Ball, location: 2F
0-1: Ball
1-1: Ball
2-1: Fly out, F5 (Popup, 5SF, EV 66.9 MPH)
Batting: RHB D'Artagnan Rasberry 0-0: Ball
1-0: Ball
2-0: Ground out 4-3 (Groundball, 4S, EV 79.4 MPH)
Top of the 3rd over - 0 runs, 0 hits, 1 error, 3 left on base; Port Huron 1 - Hartford 1
BOTTOM OF THE 3RD
Hartford Pride batting - Pitching for Port Huron Blitzkrieg : RHP Matt Elmore
Batting: SHB Alvin Peterson 0-0: Ball
1-0: Swinging Strike
1-1: SINGLE (Groundball, 4MD, EV 100.0 MPH)
Batting: RHB Katsuhiko Ishihara 0-0: Ball
1-0: Called Strike
1-1: Swinging Strike
1-2: 2-RUN HOME RUN (Flyball, 78XD, EV 105.0 MPH), Distance : 413 ft
Batting: LHB Tomás Muinos 0-0: Called Strike
0-1: Fly out, F8 (Flyball, 89D, EV 101.9 MPH)
Batting: RHB Emílio Agramónte 0-0: Ground out 6-3 (Groundball, 6, EV 91.9 MPH)
Batting: RHB Hani Azwan 0-0: Fly out, F8 (Flyball, 89M, EV 89.4 MPH)
Bottom of the 3rd over - 2 runs, 2 hits, 0 errors, 0 left on base; Port Huron 1 - Hartford 3
TOP OF THE 4TH
Port Huron Blitzkrieg batting - Pitching for Hartford Pride : LHP Fred Proctor
Batting: LHB Mario Ramos 0-0: Swinging Strike
0-1: Foul Ball, location: 2F
0-2: Strikes out swinging
Batting: LHB Dave Watts 0-0: Called Strike
0-1: Swinging Strike
0-2: Ball
1-2: SOLO HOME RUN (Flyball, 9D, EV 95.0 MPH), Distance : 358 ft
Batting: RHB Jesús Amengual 0-0: Ball
1-0: Ball
2-0: Foul Ball, location: 2F
2-1: Ball
3-1: Foul Ball, location: 2F
3-2: Strikes out swinging
Batting: RHB Ricardo Mireles 0-0: Fly out, F9 (Flyball, 9LD, EV 107.5 MPH)
Top of the 4th over - 1 run, 1 hit, 0 errors, 0 left on base; Port Huron 2 - Hartford 3
BOTTOM OF THE 4TH
Hartford Pride batting - Pitching for Port Huron Blitzkrieg : RHP Matt Elmore
Batting: RHB Nathan Pruitt 0-0: Ball
1-0: Ball
2-0: Fly out, F8 (Flyball, 8LXD, EV 95.6 MPH)
Batting: RHB Lester Kwiatkowski 0-0: Ball
1-0: Fly out, F7 (Line Drive, 7, EV 104.4 MPH)
Batting: LHB Jorge Ortíz 0-0: Ground out 5-3 (Groundball, 5, EV 85.0 MPH)
Bottom of the 4th over - 0 runs, 0 hits, 0 errors, 0 left on base; Port Huron 2 - Hartford 3
TOP OF THE 5TH
Port Huron Blitzkrieg batting - Pitching for Hartford Pride : LHP Fred Proctor
Batting: RHB John Willoughby 0-0: Ball
1-0: Ball
2-0: Foul Ball, location: 2F
2-1: Ball
3-1: Fly out, F6 (Line Drive, 6, EV 65.6 MPH)
Batting: RHB John Wilkerson 0-0: Ball
1-0: Ground out 4-3 (Groundball, 4M, EV 81.2 MPH)
Batting: RHB Jeff Reed 0-0: Ball
1-0: Swinging Strike
1-1: Fly out, F9 (Flyball, 9LS, EV 88.8 MPH)
Top of the 5th over - 0 runs, 0 hits, 0 errors, 0 left on base; Port Huron 2 - Hartford 3
BOTTOM OF THE 5TH
Hartford Pride batting - Pitching for Port Huron Blitzkrieg : RHP Matt Elmore
Batting: RHB Joshua Cadaval 0-0: Ball
1-0: Ball
2-0: Fly out, F7 (Flyball, 7LSF, EV 87.5 MPH)
Batting: SHB Alvin Peterson 0-0: Ball
1-0: Foul Ball, location: 2F
1-1: Ball
2-1: Ball
3-1: Ball
Batting: RHB Katsuhiko Ishihara 0-0: Ball
1-0: Ball
2-0: Called Strike
2-1: Grounds into double play, 5-4-3 (Groundball, 5, EV 87.5 MPH)
Bottom of the 5th over - 0 runs, 0 hits, 0 errors, 0 left on base; Port Huron 2 - Hartford 3
TOP OF THE 6TH
Port Huron Blitzkrieg batting - Pitching for Hartford Pride : LHP Fred Proctor
Batting: SHB Ben Boston 0-0: Ball
1-0: Ball
2-0: Foul Ball, location: 2F
2-1: Swinging Strike
2-2: Strikes out swinging
Batting: RHB D'Artagnan Rasberry 0-0: Foul Ball, location: 2F
0-1: Ball
1-1: Called Strike
1-2: Strikes out swinging
Batting: LHB Mario Ramos 0-0: Fly out, F8 (Flyball, 89S, EV 86.9 MPH)
Top of the 6th over - 0 runs, 0 hits, 0 errors, 0 left on base; Port Huron 2 - Hartford 3
BOTTOM OF THE 6TH
Hartford Pride batting - Pitching for Port Huron Blitzkrieg : RHP Matt Elmore
Batting: LHB Tomás Muinos 0-0: Ball
1-0: Called Strike
1-1: Foul Ball, location: 2F
1-2: Ball
2-2: Foul Ball, location: 2F
2-2: Strikes out looking
Batting: RHB Emílio Agramónte 0-0: Ball
1-0: SINGLE (Groundball, 56D, EV 110.0 MPH)
Batting: RHB Hani Azwan 0-0: Ball
1-0: 2-RUN HOME RUN (Flyball, 78XD, EV 113.1 MPH), Distance : 418 ft
Batting: RHB Nathan Pruitt 0-0: SOLO HOME RUN (Flyball, 7LD, EV 95.0 MPH), Distance : 332 ft
Pitching: LHP Roberto Muñóz
Batting: RHB Lester Kwiatkowski 0-0: Ground out U3 (Groundball, 34, EV 81.2 MPH)
Batting: LHB Jorge Ortíz 0-0: Ball
1-0: Called Strike
1-1: Foul Ball, location: 2F
1-2: Foul Ball, location: 2F
1-2: Foul Ball, location: 2F
1-2: Ground out 1-3 (Groundball, P, EV 82.5 MPH)
Bottom of the 6th over - 3 runs, 3 hits, 0 errors, 0 left on base; Port Huron 2 - Hartford 6
TOP OF THE 7TH
Port Huron Blitzkrieg batting - Pitching for Hartford Pride : LHP Fred Proctor
Pitching: RHP Morris Prinkey
Batting: LHB Dave Watts 0-0: Called Strike
0-1: Ball
1-1: Ground out 4-3 (Groundball, 4, EV 83.8 MPH)
Batting: RHB Jesús Amengual 0-0: Ball
1-0: Fly out, F9 (Flyball, 89S, EV 72.5 MPH)
Batting: RHB Ricardo Mireles 0-0: Ball
1-0: Foul Ball, location: 2F
1-1: SINGLE (Groundball, 4MD, EV 96.2 MPH)
Batting: RHB John Willoughby 0-0: Ball
1-0: Called Strike
1-1: Foul Ball, location: 2F
1-2: Ball
2-2: Fielders Choice at 2nd, 5-4 (Groundball, 5L, EV 83.1 MPH)
Top of the 7th over - 0 runs, 1 hit, 0 errors, 1 left on base; Port Huron 2 - Hartford 6
BOTTOM OF THE 7TH
Hartford Pride batting - Pitching for Port Huron Blitzkrieg : LHP Roberto Muñóz
Batting: RHB Joshua Cadaval 0-0: Foul Ball, location: 2F
0-1: Swinging Strike
0-2: Strikes out looking
Batting: SHB Alvin Peterson 0-0: Ball
1-0: Ball
2-0: Hit by Pitch
Batting: RHB Katsuhiko Ishihara 0-0: Foul Ball, location: 2F
0-1: Ball
1-1: Called Strike
1-2: Grounds into double play, 6-4-3 (Groundball, 6, EV 85.0 MPH)
Bottom of the 7th over - 0 runs, 0 hits, 0 errors, 0 left on base; Port Huron 2 - Hartford 6
TOP OF THE 8TH
Port Huron Blitzkrieg batting - Pitching for Hartford Pride : RHP Morris Prinkey
Batting: RHB John Wilkerson 0-0: Ground out 5-3 (Groundball, 56S, EV 86.9 MPH)
Batting: RHB Jeff Reed 0-0: Ball
1-0: Called Strike
1-1: Ground out U3 (Groundball, 34S, EV 76.9 MPH)
Batting: SHB Ben Boston 0-0: Swinging Strike
0-1: Ball
1-1: Ball
2-1: Ground out 4-3 (Groundball, 4, EV 107.5 MPH)
Top of the 8th over - 0 runs, 0 hits, 0 errors, 0 left on base; Port Huron 2 - Hartford 6
BOTTOM OF THE 8TH
Hartford Pride batting - Pitching for Port Huron Blitzkrieg : LHP Roberto Muñóz
Batting: LHB Tomás Muinos 0-0: Called Strike
0-1: Foul Ball, location: 2F
0-2: Hit by Pitch
Batting: RHB Emílio Agramónte 0-0: Foul Ball, location: 2F
0-1: Foul Ball, location: 2F
0-2: Ball
1-2: Foul Ball, location: 2F
1-2: Foul Ball, location: 2F
1-2: Ball
2-2: Grounds into double play, 6-4-3 (Groundball, 6, EV 95.6 MPH)
Batting: RHB Hani Azwan 0-0: Ball
1-0: Called Strike
1-1: Foul Ball, location: 2F
1-2: Ball
2-2: Ground out 2-3 (Groundball, 15S, EV 63.8 MPH)
Bottom of the 8th over - 0 runs, 0 hits, 0 errors, 0 left on base; Port Huron 2 - Hartford 6
TOP OF THE 9TH
Port Huron Blitzkrieg batting - Pitching for Hartford Pride : RHP Morris Prinkey
Batting: RHB D'Artagnan Rasberry 0-0: Ball
1-0: Ball
2-0: Ball
3-0: Called Strike
3-1: Swinging Strike
3-2: Foul Ball, location: 2F
3-2: Strikes out looking
Batting: LHB Mario Ramos 0-0: Foul Ball, location: 2F
0-1: Ball
1-1: Foul Ball, location: 2F
1-2: Strikes out swinging
Batting: LHB Dave Watts 0-0: Ball
1-0: Ball
2-0: Foul Ball, location: 2F
2-1: Fly out, F6 (Popup, 6M, EV 75.0 MPH)
Top of the 9th over - 0 runs, 0 hits, 0 errors, 0 left on base; Port Huron 2 - Hartford 6
Friday, March 26th, 2021 - OOTP Baseball 20.8 Build 74